Map: 莱瑞拉克之冠

Players

shengy - Winner!

  • Race: Zerg Zerg
  • League: Gold

PanietyDeity

  • Race: Zerg Zerg
  • League: Gold

VOD

Have the link to the VOD?

Description

Time

  • Played on: Dec. 12, 2015, 2:14 a.m.
  • Length: 8:40
Show
View Real Time Build Order
Export as new Build Order

shengy Zerg - Winner!

Build Orders: Pool First 

Get SALT Encoding   

  12  0:01  Drone  
  13  0:08  Drone  
  14  0:16  Overlord  
  14  0:35  Drone  
  15  0:36  Drone x2  
  17  0:46  Drone  
  18  0:50  Extractor  
  18  0:54  Spawning Pool  
  16  0:58  Drone  
  17  1:07  Drone  
  18  1:28  Hatchery  
  17  1:49  Spine Crawler, Zergling x6  
  17  1:52  Metabolic Boost  
  14  2:24  Zergling x6  
  16  2:39  Queen  
  18  2:47  Zergling x2  
  18  2:48  Zergling x2  
  20  2:58  Drone x2  
  22  3:07  Zergling x2  
  22  3:08  Zergling x2  
  24  3:16  Spine Crawler  
  23  3:34  Drone x4  
  27  3:44  Baneling Nest  
  27  3:58  Zergling x2  
  27  4:09  Zergling x2  
  27  4:34  Baneling x2  
  27  4:35  Baneling x2  
  27  4:39  Zergling x2  
  27  4:40  Overlord  
  27  4:43  Baneling x2  
  28  4:51  Overlord  
  23  5:03  Baneling  
  23  5:04  Baneling x2  
  22  5:07  Drone  
  22  5:08  Drone x5  
  22  5:10  Lair  
  28  5:14  Extractor  
  28  5:15  Drone  
  28  5:16  Drone x2  
  29  5:38  Roach Warren  
  29  5:39  Drone x3  
  29  5:40  Drone  
  30  5:58  Overlord  
  30  6:03  Zergling x8  
  30  6:04  Zergling x2  
  35  6:14  Drone  
  35  6:16  Spire  
  36  6:21  Roach x2  
  36  6:22  Roach x2  
  44  6:26  Glial Reconstitution  
  44  6:38  Roach x3  
  48  6:49  Drone x4  
  51  7:04  Queen  
  51  7:15  Overlord x2  
  47  7:37  Roach x5  
  47  7:38  Roach x5  
  65  8:03  Drone  
  65  8:04  Drone x2  
  65  8:06  Overlord  
  65  8:08  Overlord  
  65  8:09  Extractor  
  65  8:16  Spire  
  65  8:32  Hatchery  
Show
View Real Time Build Order
Export as new Build Order

PanietyDeity Zerg 

Build Orders: Pool First 

Get SALT Encoding   

  12  0:02  Extractor  
  11  0:21  Spawning Pool  
  11  0:28  Drone  
  11  0:32  Drone  
  12  0:40  Drone  
  13  0:53  Overlord  
  13  1:08  Metabolic Boost  
  13  1:13  Zergling x2  
  14  1:23  Zergling x4  
  16  1:29  Zergling x2  
  17  1:37  Zergling x2  
  18  1:47  Zergling x2  
  18  1:51  Spine Crawler  
  18  1:58  Zergling x2  
  19  2:06  Queen  
  18  2:28  Zergling x4  
  18  2:29  Zergling x2  
  19  2:40  Zergling x2  
  20  3:09  Zergling x4  
  21  3:33  Hatchery  
  19  3:36  Drone  
  19  3:37  Drone  
  21  3:46  Evolution Chamber  
  18  3:57  Drone x2, Extractor  
  18  3:58  Drone  
  17  4:13  Spine Crawler  
  17  4:14  Spine Crawler  
  16  4:22  Zerg Missile Weapons Level 1  
  16  4:23  Roach Warren  
  14  4:30  Queen  
  10  5:10  Drone x2  
  10  5:11  Drone  
  10  5:12  Drone x6  
  17  5:35  Roach  
  17  5:36  Roach  
  19  5:51  Roach  
  21  6:03  Overlord  
  21  6:04  Overlord  
  21  6:21  Drone  
  21  6:23  Roach  
  21  6:24  Roach  
  26  6:32  Roach  
  28  6:56  Roach x2  
  32  7:11  Roach x2  
Tags
 
Add a new tag
Caveats
  • Supply blocks, unpowered buildings, or Contaminate may cause inaccurate times.
  • Supply counts are checked every 10 seconds.